Panthers vs Capitals

Created - 25 janvier 2021 at 20:43

Goals
1 2 3 T
Panthers 3 0 3 6
Capitals 1 3 0 4
Shots
1 2 3 T
Panthers 15 16 19 50
Capitals 10 11 2 23

1st period

1. Panthers , Alex Ovechkin 24 (Dylan Larkin 27, Colton Parayko 28) at 0:49
2. Panthers , Dylan Larkin 15 (Matthew Tkachuk 19) at 3:31
3. Capitals , Riley Stillman 4 (Jason Dickinson 23, David Kampf 16) at 5:28 (PP)
4. Panthers , Colton Parayko 9 (Nikita Kucherov 27, Dylan Larkin 28) at 8:22 (PP)

Penalties :
Colton Parayko (FLA) for Interference (Minor) at 4:24, Chandler Stephenson (WSH) for Elbowing (Minor) at 7:38, Michael Del Zotto (WSH) for Hooking (Minor) at 9:17, Matt Calvert (FLA) for Hooking (Minor) at 12:03, Matt Calvert (FLA) for Interference (Minor) at 16:03, Colton Parayko (FLA) for Tripping (Minor) at 19:45

2nd period

5. Capitals , Brandon Montour 6 (Mikael Granlund 16, Michael Del Zotto 17) at 0:57 (PP)
6. Capitals , Wayne Simmonds 8 (David Kampf 17, Jason Dickinson 24) at 9:23
7. Capitals , Mikael Granlund 19 (Reilly Smith 19) at 12:58

Penalties :
Bobby Ryan (WSH) for Hooking (Minor) at 13:47, Wayne Simmonds (WSH) for Roughing (Minor) at 18:34

3rd period

8. Panthers , Nikita Kucherov 19 (Jonathan Huberdeau 17, Aleksander Barkov 37) at 2:01
9. Panthers , Jonathan Huberdeau 20 (Samuel Girard 22, Colton Parayko 29) at 4:39 (PP)
10. Panthers , Aleksander Barkov 21 (Colton Parayko 30, Nikita Kucherov 28) at 5:57

Penalties :
Matthew Tkachuk (FLA) for Close Hand On Puck (Minor) at 2:06, Brandon Montour (WSH) for Holding (Minor) at 4:12, Michael Del Zotto (WSH) for Hooking (Minor) at 11:18

Goalie Stats

Corey Crawford (FLA), 19 saves from 23 shots - (0,826), W, 39-1-3, 60:00 minutes
Pekka Rinne (WSH), 44 saves from 50 shots - (0,880), L, 9-20-7, 60:00 minutes

Players Stats for Panthers

Player Name              G  A  P  +/- PIM S  H  SB GA TA FO     MP     PP MP  PK MP  
------------------------------------------------------------------------------------
Aleksander Barkov        1  1  2   1  0   9  0  0  0  0  20/25  20:38   4:28   1:52 
Alex Ovechkin            1  0  1   2  0   6  3  0  0  0  1/2    18:12   4:39   0:00 
Andrew Copp              0  0  0   0  0   1  0  0  0  0  0/0     5:31   0:00   0:00 
Charlie McAvoy           0  0  0   0  0   1  1  0  0  0  0/0    14:04   0:00   3:59 
Colton Parayko           1  3  4   4  4   2  6  1  0  0  0/0    21:25   5:00   0:00 
Derek Grant              0  0  0   0  0   3  2  0  0  0  9/14    8:09   0:00   2:38 
Dylan Larkin             1  2  3   2  0   4  0  0  0  0  19/25  18:12   4:39   0:00 
Jean-Gabriel Pageau      0  0  0  -1  0   4  0  0  0  0  17/25  14:50   0:10   5:22 
Jeff Petry               0  0  0  -2  0   2  8  0  0  0  0/0    24:29   4:07   4:14 
Jonathan Huberdeau       1  1  2   1  0   3  1  0  0  0  1/2    18:46   4:28   0:00 
Matt Calvert             0  0  0  -1  4   1  0  0  0  0  0/0    11:29   1:14   0:59 
Matthew Tkachuk          0  1  1   2  2   3  1  0  0  0  0/4    17:50   4:18   0:00 
Nikita Kucherov          1  2  3   1  0   4  1  0  0  0  2/3    17:43   3:25   0:00 
Oskar Sundqvist          0  0  0   0  0   3  0  0  0  0  0/0    11:06   0:00   5:35 
Pierre-Luc Dubois        0  0  0  -1  0   2  0  0  0  0  1/1     9:18   0:00   0:00 
Quinn Hughes             0  0  0  -2  0   2  0  0  0  0  0/0    24:29   4:07   4:14 
Samuel Girard            0  1  1   4  0   0  1  1  0  0  0/0    21:27   5:00   0:00 
Zdeno Chara              0  0  0   0  0   0  0  0  0  0  0/0    14:04   0:00   3:59 

Players Stats for Capitals

Player Name              G  A  P  +/- PIM S  H  SB GA TA FO     MP     PP MP  PK MP  
------------------------------------------------------------------------------------
Bobby Ryan               0  0  0   0  2   3  6  0  0  0  2/3    19:12   4:20   1:52 
Brandon Montour          1  0  1  -1  2   2  1  1  0  0  0/0    24:06   3:47   4:58 
Brett Kulak              0  0  0  -1  0   0  3  0  0  0  0/0    15:03   0:14   1:00 
Casey Mittelstadt        0  0  0   0  0   1  0  1  0  0  0/9    10:29   0:00   0:00 
Chandler Stephenson      0  0  0   0  2   0  2  0  0  0  0/1    11:02   0:00   0:34 
David Kampf              0  2  2   0  0   2  0  0  0  0  1/1    16:07   3:53   0:00 
Filip Zadina             0  0  0  -2  0   0  0  0  0  0  0/1     6:56   0:00   0:00 
Jason Dickinson          0  2  2   0  0   3  1  1  0  0  11/24  18:33   3:53   2:26 
Jonas Siegenthaler       0  0  0  -1  0   0  1  1  0  0  0/0    15:55   0:00   2:06 
Josh Anderson            0  0  0  -2  0   0  1  0  0  0  0/1     6:56   0:00   0:00 
Kevin Labanc             0  0  0   0  0   0  0  1  0  0  0/2    10:29   0:00   0:00 
Kris Russell             0  0  0   0  0   1  1  2  0  0  0/0    21:29   4:12   3:48 
Michael Del Zotto        0  1  1  -1  4   1  1  1  0  0  0/0    22:49   4:01   3:28 
Mikael Granlund          1  1  2   0  0   5  1  0  0  0  12/33  24:02   4:20   6:41 
Reilly Smith             0  1  1   0  0   2  1  0  0  0  1/12   24:02   4:20   6:41 
Riley Stillman           1  0  1   0  0   2  0  1  0  0  0/0    20:35   4:12   2:54 
Vinnie Hinostroza        0  0  0  -2  0   0  0  0  0  0  4/13    6:56   0:00   0:00 
Wayne Simmonds           1  0  1   0  2   1  3  0  0  0  0/1    16:06   3:53   0:00 

3 Stars

1 - Colton Parayko (FLA)
2 - Dylan Larkin (FLA)
3 - Nikita Kucherov (FLA)

Power Play

Panthers - 2 on 6 Attempt(s) - 33,33%
Capitals - 2 on 5 Attempt(s) - 40,00%

Penalty Kill

Panthers - 3 on 5 Attempt(s) - 60,00% - Score 0 goal in Penalty Kill
Capitals - 4 on 6 Attempt(s) - 66,67% - Score 0 goal in Penalty Kill

Team Stat

Panthers - Hits : 24 - Faceoff Wins : 70 - Blocked Shots : 2 - Penalty Minutes : 10
Capitals - Hits : 22 - Faceoff Wins : 31 - Blocked Shots : 9 - Penalty Minutes : 12

Official

Referees : Garrett Rank and Robert Hennessey
Linesman : Kyle Allen and Scott Cherrey

Game Notes

No Game Note

Finance

Level 1 -- Attendance: 2757 (42,42%) -- Ticket Income 689 250 $
Level 2 -- Attendance: 2066 (41,32%) -- Ticket Income 413 200 $
Level 3 -- Attendance: 1206 (34,46%) -- Ticket Income 211 050 $
Level 4 -- Attendance: 687 (27,41%) -- Ticket Income 103 050 $
Luxury Box -- Attendance: 472 (47,20%) -- Ticket Income 188 800 $
Game was played at the Verizon Center.
Total Attendance: 7188 (38,84%)
Total Ticket Income: 1 605 350 $
Other Income: 786 622 $
Total Income: 2 391 972 $

% Time on Ice - Panthers

Lines # - Real PCT - Wanted PCT - Time Play
Normal Forward
1 - 34% - 33% - 14:18
2 - 32% - 33% - 13:33
3 - 22% - 24% - 9:18
4 - 13% - 10% - 5:31
Normal Defense
1 - 38% - 40% - 16:08
2 - 39% - 40% - 16:27
3 - 24% - 20% - 10:05
4 - 0% - 0% - 0:00
PP Forward
1 - 49% - 50% - 4:28
2 - 51% - 50% - 4:39
PP Defense
1 - 45% - 50% - 4:07
2 - 55% - 50% - 5:00
PK Forward
1 - 68% - 60% - 5:35
2 - 32% - 40% - 2:38
PK Defense
1 - 52% - 60% - 4:14
2 - 48% - 40% - 3:59
PK3 Forward
1 - 0% - 60%
2 - 0% - 40%
PK3 Defense
1 - 0% - 60%
2 - 0% - 40%
44 Forward
1 - 0% - 50%
2 - 0% - 50%
44 Defense
1 - 0% - 60%
2 - 0% - 40%
Last Minute Offensive  - 0:00
Last Minute Defensive  - 0:00
Total
Forward - 60:00
Defense - 60:00

% Time on Ice - Capitals

Lines # - Real PCT - Wanted PCT - Time Play
Normal Forward
1 - 31% - 40% - 13:01
2 - 29% - 30% - 12:14
3 - 25% - 20% - 10:29
4 - 16% - 10% - 6:56
Normal Defense
1 - 36% - 40% - 15:09
2 - 32% - 30% - 13:29
3 - 32% - 20% - 13:49
4 - 1% - 10% - 0:13
PP Forward
1 - 53% - 60% - 4:20
2 - 47% - 40% - 3:53
PP Defense
1 - 49% - 60% - 4:01
2 - 51% - 40% - 4:12
PK Forward
1 - 73% - 60% - 6:41
2 - 27% - 40% - 2:26
PK Defense
1 - 68% - 60% - 6:13
2 - 32% - 40% - 2:54
PK3 Forward
1 - 0% - 60%
2 - 0% - 40%
PK3 Defense
1 - 0% - 60%
2 - 0% - 40%
44 Forward
1 - 0% - 60%
2 - 0% - 40%
44 Defense
1 - 0% - 60%
2 - 0% - 40%
Last Minute Offensive  - 0:00
Last Minute Defensive  - 0:00
Total
Forward - 60:00
Defense - 60:00

Play-by-Play

1st period


0:01 of 1st period - Aleksander Barkov wins face-off versus Mikael Granlund in neutral zone.
0:12 of 1st period - Jeff Petry is hit by Bobby Ryan.
0:17 of 1st period - Off-side.
0:18 of 1st period - Jason Dickinson wins face-off versus Alex Ovechkin in neutral zone.
0:20 of 1st period - Wayne Simmonds is hit by Colton Parayko and loses puck.
0:49 of 1st period - Shot by Alex Ovechkin.
0:49 of 1st period - Goal by Alex Ovechkin - Panthers : 1 - Capitals : 0.
0:50 of 1st period - Jean-Gabriel Pageau wins face-off versus Casey Mittelstadt in neutral zone.
0:54 of 1st period - Pierre-Luc Dubois is hit by Brett Kulak and loses puck.
1:24 of 1st period - Jean-Gabriel Pageau is hit by Jonas Siegenthaler and loses puck.
2:12 of 1st period - Icing by Jeff Petry.
2:13 of 1st period - Aleksander Barkov wins face-off versus Josh Anderson in Panthers zone.
2:22 of 1st period - Shot by Nikita Kucherov.
2:22 of 1st period - Stopped by Pekka Rinne without a rebound.
2:23 of 1st period - Mikael Granlund wins face-off versus Dylan Larkin in Capitals zone.
2:43 of 1st period - Shot by Mikael Granlund.
2:43 of 1st period - Stopped by Corey Crawford without a rebound.
2:44 of 1st period - Jason Dickinson wins face-off versus Derek Grant in Panthers zone.
2:52 of 1st period - Quinn Hughes is hit by Kris Russell and loses puck.
2:57 of 1st period - Shot by Andrew Copp.
2:57 of 1st period - Deflect By Oskar Sundqvist.
2:57 of 1st period - Shot Misses the Net.
2:59 of 1st period - Shot by Derek Grant.
2:59 of 1st period - Shot Misses the Net.
3:15 of 1st period - Shot by Oskar Sundqvist.
3:15 of 1st period - Stopped by Pekka Rinne with a rebound.
3:17 of 1st period - Shot by Oskar Sundqvist.
3:17 of 1st period - Stopped by Pekka Rinne without a rebound.
3:18 of 1st period - Mikael Granlund wins face-off versus Aleksander Barkov in Capitals zone.
3:27 of 1st period - Shot by Aleksander Barkov.
3:27 of 1st period - Stopped by Pekka Rinne without a rebound.
3:28 of 1st period - Dylan Larkin wins face-off versus Filip Zadina in Capitals zone.
3:29 of 1st period - Shot by Matthew Tkachuk.
3:29 of 1st period - Shot Misses the Net.
3:31 of 1st period - Shot by Dylan Larkin.
3:31 of 1st period - Goal by Dylan Larkin - Panthers : 2 - Capitals : 0.
3:32 of 1st period - Mikael Granlund wins face-off versus Dylan Larkin in neutral zone.
3:39 of 1st period - Shot by Bobby Ryan.
3:39 of 1st period - Shot Blocked by Colton Parayko.
3:41 of 1st period - Shot by Bobby Ryan.
3:41 of 1st period - Shot Misses the Net.
3:43 of 1st period - Shot by Reilly Smith.
3:43 of 1st period - Shot Blocked by Samuel Girard.
3:56 of 1st period - Off-side.
3:57 of 1st period - Aleksander Barkov wins face-off versus Vinnie Hinostroza in neutral zone.
4:13 of 1st period - Shot by Aleksander Barkov.
4:13 of 1st period - Deflect By Nikita Kucherov.
4:13 of 1st period - Shot Misses the Net.
4:15 of 1st period - Shot by Nikita Kucherov.
4:15 of 1st period - Stopped by Pekka Rinne without a rebound.
4:16 of 1st period - Jason Dickinson wins face-off versus Dylan Larkin in Capitals zone.
4:24 of 1st period - Minor Penalty to Colton Parayko for Interference.
4:25 of 1st period - Jean-Gabriel Pageau wins face-off versus Mikael Granlund in Panthers zone.
4:56 of 1st period - Shot by Mikael Granlund.
4:56 of 1st period - Shot Misses the Net.
5:28 of 1st period - Shot by Riley Stillman.
5:28 of 1st period - Goal by Riley Stillman - Panthers : 2 - Capitals : 1.
5:29 of 1st period - Aleksander Barkov wins face-off versus Vinnie Hinostroza in neutral zone.
5:41 of 1st period - Shot by Nikita Kucherov.
5:41 of 1st period - Stopped by Pekka Rinne without a rebound.
5:42 of 1st period - Dylan Larkin wins face-off versus Jason Dickinson in Capitals zone.
6:05 of 1st period - Shot by Alex Ovechkin.
6:05 of 1st period - Stopped by Pekka Rinne without a rebound.
6:06 of 1st period - Mikael Granlund wins face-off versus Jonathan Huberdeau in Capitals zone.
6:08 of 1st period - Icing by Michael Del Zotto.
6:09 of 1st period - Mikael Granlund wins face-off versus Jean-Gabriel Pageau in Capitals zone.
6:11 of 1st period - Icing by Michael Del Zotto.
6:12 of 1st period - Aleksander Barkov wins face-off versus Mikael Granlund in Capitals zone.
6:47 of 1st period - Shot by Reilly Smith.
6:47 of 1st period - Deflect By Bobby Ryan.
6:47 of 1st period - Stopped by Corey Crawford with a rebound.
6:49 of 1st period - Shot by Mikael Granlund.
6:49 of 1st period - Stopped by Corey Crawford without a rebound.
6:50 of 1st period - Jean-Gabriel Pageau wins face-off versus Jason Dickinson in Panthers zone.
7:00 of 1st period - David Kampf is hit by Colton Parayko.
7:38 of 1st period - Minor Penalty to Chandler Stephenson for Elbowing.
7:39 of 1st period - Aleksander Barkov wins face-off versus Reilly Smith in Capitals zone.
8:12 of 1st period - Shot by Quinn Hughes.
8:12 of 1st period - Stopped by Pekka Rinne without a rebound.
8:13 of 1st period - Dylan Larkin wins face-off versus Reilly Smith in Capitals zone.
8:18 of 1st period - Shot by Nikita Kucherov.
8:18 of 1st period - Shot Blocked by Kris Russell.
8:20 of 1st period - Shot by Colton Parayko.
8:20 of 1st period - Shot Blocked by Kris Russell.
8:22 of 1st period - Shot by Colton Parayko.
8:22 of 1st period - Goal by Colton Parayko - Panthers : 3 - Capitals : 1.
8:23 of 1st period - Derek Grant wins face-off versus Casey Mittelstadt in neutral zone.
9:17 of 1st period - Minor Penalty to Michael Del Zotto for Hooking.
9:18 of 1st period - Mikael Granlund wins face-off versus Dylan Larkin in Capitals zone.
9:25 of 1st period - Shot by Mikael Granlund.
9:25 of 1st period - Stopped by Corey Crawford with a rebound.
9:31 of 1st period - Brandon Montour is hit by Alex Ovechkin.
9:43 of 1st period - Reilly Smith is hit by Alex Ovechkin and loses puck.
9:58 of 1st period - Shot by Colton Parayko.
9:58 of 1st period - Stopped by Pekka Rinne with a rebound.
11:19 of 1st period - Dylan Larkin is hit by Brandon Montour and loses puck.
11:24 of 1st period - Shot by Pierre-Luc Dubois.
11:24 of 1st period - Stopped by Pekka Rinne with a rebound.
11:32 of 1st period - Shot by Pierre-Luc Dubois.
11:32 of 1st period - Stopped by Pekka Rinne with a rebound.
11:39 of 1st period - Pierre-Luc Dubois is hit by Michael Del Zotto and loses puck.
12:03 of 1st period - Minor Penalty to Matt Calvert for Hooking.
12:04 of 1st period - Jason Dickinson wins face-off versus Jean-Gabriel Pageau in Panthers zone.
12:05 of 1st period - Shot by David Kampf.
12:05 of 1st period - Shot Misses the Net.
12:14 of 1st period - Icing by Jason Dickinson.
12:15 of 1st period - David Kampf wins face-off versus Jean-Gabriel Pageau in Capitals zone.
13:15 of 1st period - Shot by Reilly Smith.
13:15 of 1st period - Stopped by Corey Crawford without a rebound.
13:16 of 1st period - Derek Grant wins face-off versus Mikael Granlund in Panthers zone.
14:03 of 1st period - Wayne Simmonds is hit by Samuel Girard and loses puck.
14:14 of 1st period - Shot by Chandler Stephenson.
14:14 of 1st period - Shot Misses the Net.
14:19 of 1st period - Icing by Samuel Girard.
14:20 of 1st period - Vinnie Hinostroza wins face-off versus Matthew Tkachuk in Panthers zone.
14:30 of 1st period - Icing by Colton Parayko.
14:31 of 1st period - Dylan Larkin wins face-off versus Casey Mittelstadt in Panthers zone.
15:00 of 1st period - Kevin Labanc is hit by Matthew Tkachuk and loses puck.
15:18 of 1st period - Aleksander Barkov is hit by Brett Kulak and loses puck.
15:50 of 1st period - Icing by Brandon Montour.
15:51 of 1st period - Jean-Gabriel Pageau wins face-off versus Mikael Granlund in Capitals zone.
16:03 of 1st period - Minor Penalty to Matt Calvert for Interference.
16:04 of 1st period - Jean-Gabriel Pageau wins face-off versus Jason Dickinson in Panthers zone.
16:04 of 1st period - Jean-Gabriel Pageau is hit by Jason Dickinson.
16:14 of 1st period - Shot by David Kampf.
16:14 of 1st period - Stopped by Corey Crawford without a rebound.
16:15 of 1st period - Jean-Gabriel Pageau wins face-off versus Mikael Granlund in Panthers zone.
17:13 of 1st period - Icing by Jason Dickinson.
17:14 of 1st period - Derek Grant wins face-off versus Jason Dickinson in Capitals zone.
17:35 of 1st period - Oskar Sundqvist is hit by Wayne Simmonds and loses puck.
17:47 of 1st period - Shot by Jason Dickinson.
17:47 of 1st period - Stopped by Corey Crawford without a rebound.
17:48 of 1st period - Mikael Granlund wins face-off versus Derek Grant in Panthers zone.
18:08 of 1st period - Off-side.
18:09 of 1st period - Dylan Larkin wins face-off versus Casey Mittelstadt in neutral zone.
19:00 of 1st period - Icing by Jonas Siegenthaler.
19:01 of 1st period - Aleksander Barkov wins face-off versus Casey Mittelstadt in Capitals zone.
19:04 of 1st period - Shot by Jeff Petry.
19:04 of 1st period - Stopped by Pekka Rinne without a rebound.
19:05 of 1st period - Aleksander Barkov wins face-off versus Mikael Granlund in Capitals zone.
19:41 of 1st period - Shot by Michael Del Zotto.
19:41 of 1st period - Stopped by Corey Crawford with a rebound.
19:43 of 1st period - Shot by Brandon Montour.
19:43 of 1st period - Stopped by Corey Crawford without a rebound.
19:44 of 1st period - Jason Dickinson wins face-off versus Jean-Gabriel Pageau in Panthers zone.
19:44 of 1st period - Jason Dickinson is hit by Colton Parayko.
19:45 of 1st period - Minor Penalty to Colton Parayko for Tripping.
19:46 of 1st period - Jean-Gabriel Pageau wins face-off versus Jason Dickinson in Panthers zone.
19:59 of 1st period - Shot by Jason Dickinson.
19:59 of 1st period - Shot Misses the Net.
Goals for this period are 3 for Panthers vs 1 for Capitals.
Shots for this period are 15 for Panthers vs 10 for Capitals.

2nd period


0:01 of 2nd period - Jean-Gabriel Pageau wins face-off versus Mikael Granlund in neutral zone.
0:31 of 2nd period - Shot by Mikael Granlund.
0:31 of 2nd period - Stopped by Corey Crawford without a rebound.
0:32 of 2nd period - Derek Grant wins face-off versus Jason Dickinson in Panthers zone.
0:49 of 2nd period - Shot by Kris Russell.
0:49 of 2nd period - Stopped by Corey Crawford without a rebound.
0:50 of 2nd period - Jean-Gabriel Pageau wins face-off versus Mikael Granlund in Panthers zone.
0:50 of 2nd period - Quinn Hughes is hit by Bobby Ryan and loses puck.
0:57 of 2nd period - Shot by Brandon Montour.
0:57 of 2nd period - Goal by Brandon Montour - Panthers : 3 - Capitals : 2.
0:58 of 2nd period - Jason Dickinson wins face-off versus Aleksander Barkov in neutral zone.
1:21 of 2nd period - Shot by Riley Stillman.
1:21 of 2nd period - Shot Misses the Net.
1:23 of 2nd period - Shot by Riley Stillman.
1:23 of 2nd period - Shot Misses the Net.
1:31 of 2nd period - Shot by David Kampf.
1:31 of 2nd period - Stopped by Corey Crawford without a rebound.
1:32 of 2nd period - Mikael Granlund wins face-off versus Dylan Larkin in Panthers zone.
1:41 of 2nd period - Shot by Matthew Tkachuk.
1:41 of 2nd period - Deflect By Dylan Larkin.
1:41 of 2nd period - Shot Misses the Net.
1:49 of 2nd period - Shot by Mikael Granlund.
1:49 of 2nd period - Shot Misses the Net.
1:52 of 2nd period - Icing by Jeff Petry.
1:53 of 2nd period - Dylan Larkin wins face-off versus Vinnie Hinostroza in Panthers zone.
1:53 of 2nd period - Dylan Larkin is hit by Josh Anderson.
2:11 of 2nd period - Shot by Alex Ovechkin.
2:11 of 2nd period - Stopped by Pekka Rinne without a rebound.
2:12 of 2nd period - Aleksander Barkov wins face-off versus Mikael Granlund in Capitals zone.
2:21 of 2nd period - Shot by Reilly Smith.
2:21 of 2nd period - Stopped by Corey Crawford with a rebound.
2:30 of 2nd period - Mikael Granlund is hit by Colton Parayko.
2:59 of 2nd period - Icing by Samuel Girard.
3:00 of 2nd period - Aleksander Barkov wins face-off versus Jason Dickinson in Panthers zone.
3:18 of 2nd period - Jason Dickinson is hit by Jeff Petry and loses puck.
3:27 of 2nd period - Shot by Alex Ovechkin.
3:27 of 2nd period - Stopped by Pekka Rinne without a rebound.
3:28 of 2nd period - Pierre-Luc Dubois wins face-off versus Casey Mittelstadt in Capitals zone.
3:29 of 2nd period - Shot by Jean-Gabriel Pageau.
3:29 of 2nd period - Shot Misses the Net.
4:19 of 2nd period - Chandler Stephenson is hit by Jeff Petry and loses puck.
4:35 of 2nd period - Quinn Hughes is hit by Brett Kulak and loses puck.
4:54 of 2nd period - Shot by Dylan Larkin.
4:54 of 2nd period - Shot Blocked by Kevin Labanc.
4:56 of 2nd period - Shot by Jeff Petry.
4:56 of 2nd period - Stopped by Pekka Rinne without a rebound.
4:57 of 2nd period - Aleksander Barkov wins face-off versus Mikael Granlund in Capitals zone.
4:58 of 2nd period - Shot by Nikita Kucherov.
4:58 of 2nd period - Shot Hit the Post.
5:20 of 2nd period - Shot by Bobby Ryan.
5:20 of 2nd period - Stopped by Corey Crawford without a rebound.
5:21 of 2nd period - Derek Grant wins face-off versus Wayne Simmonds in Panthers zone.
5:44 of 2nd period - Shot by Derek Grant.
5:44 of 2nd period - Shot Misses the Net.
5:46 of 2nd period - Shot by Derek Grant.
5:46 of 2nd period - Stopped by Pekka Rinne without a rebound.
5:47 of 2nd period - Aleksander Barkov wins face-off versus Mikael Granlund in Capitals zone.
6:02 of 2nd period - Shot by Mikael Granlund.
6:02 of 2nd period - Deflect By Bobby Ryan.
6:02 of 2nd period - Stopped by Corey Crawford without a rebound.
6:03 of 2nd period - Dylan Larkin wins face-off versus Vinnie Hinostroza in Panthers zone.
6:27 of 2nd period - Shot by Vinnie Hinostroza.
6:27 of 2nd period - Shot Misses the Net.
6:29 of 2nd period - Shot by Riley Stillman.
6:29 of 2nd period - Stopped by Corey Crawford without a rebound.
6:30 of 2nd period - Aleksander Barkov wins face-off versus Mikael Granlund in Panthers zone.
6:30 of 2nd period - Aleksander Barkov is hit by Bobby Ryan.
6:36 of 2nd period - Jeff Petry is hit by Bobby Ryan and loses puck.
6:45 of 2nd period - Shot by Bobby Ryan.
6:45 of 2nd period - Shot Misses the Net.
6:51 of 2nd period - Shot by Reilly Smith.
6:51 of 2nd period - Shot Hit the Post.
6:53 of 2nd period - Shot by Mikael Granlund.
6:53 of 2nd period - Shot Hit the Post.
7:01 of 2nd period - Jeff Petry is hit by Mikael Granlund.
7:57 of 2nd period - Icing by Colton Parayko.
7:58 of 2nd period - Vinnie Hinostroza wins face-off versus Dylan Larkin in Panthers zone.
8:01 of 2nd period - Shot by Vinnie Hinostroza.
8:01 of 2nd period - Shot Misses the Net.
8:16 of 2nd period - Shot by Vinnie Hinostroza.
8:16 of 2nd period - Shot Misses the Net.
8:29 of 2nd period - Off-side.
8:30 of 2nd period - Bobby Ryan wins face-off versus Jean-Gabriel Pageau in neutral zone.
8:50 of 2nd period - Icing by Quinn Hughes.
8:51 of 2nd period - Jean-Gabriel Pageau wins face-off versus Jason Dickinson in Panthers zone.
8:51 of 2nd period - Jean-Gabriel Pageau is hit by Wayne Simmonds.
9:23 of 2nd period - Shot by Wayne Simmonds.
9:23 of 2nd period - Goal by Wayne Simmonds - Panthers : 3 - Capitals : 3.
9:24 of 2nd period - Aleksander Barkov wins face-off versus Mikael Granlund in neutral zone.
10:40 of 2nd period - Shot by Alex Ovechkin.
10:40 of 2nd period - Shot Blocked by Riley Stillman.
10:42 of 2nd period - Shot by Zdeno Chara.
10:42 of 2nd period - Shot Misses the Net.
10:44 of 2nd period - Shot by Matthew Tkachuk.
10:44 of 2nd period - Stopped by Pekka Rinne with a rebound.
10:59 of 2nd period - Icing by Kris Russell.
11:00 of 2nd period - Jean-Gabriel Pageau wins face-off versus Casey Mittelstadt in Capitals zone.
12:03 of 2nd period - Shot by Nikita Kucherov.
12:03 of 2nd period - Shot Blocked by Casey Mittelstadt.
12:13 of 2nd period - Shot by Aleksander Barkov.
12:13 of 2nd period - Stopped by Pekka Rinne without a rebound.
12:14 of 2nd period - Dylan Larkin wins face-off versus Bobby Ryan in Capitals zone.
12:17 of 2nd period - Shot by Matthew Tkachuk.
12:17 of 2nd period - Stopped by Pekka Rinne with a rebound.
12:19 of 2nd period - Shot by Charlie McAvoy.
12:19 of 2nd period - Shot Misses the Net.
12:21 of 2nd period - Shot by Charlie McAvoy.
12:21 of 2nd period - Shot Misses the Net.
12:27 of 2nd period - Shot by Dylan Larkin.
12:27 of 2nd period - Stopped by Pekka Rinne without a rebound.
12:28 of 2nd period - Jason Dickinson wins face-off versus Derek Grant in Capitals zone.
12:28 of 2nd period - Jason Dickinson is hit by Derek Grant.
12:40 of 2nd period - Shot by Derek Grant.
12:40 of 2nd period - Stopped by Pekka Rinne without a rebound.
12:41 of 2nd period - Nikita Kucherov wins face-off versus Mikael Granlund in Capitals zone.
12:58 of 2nd period - Shot by Mikael Granlund.
12:58 of 2nd period - Goal by Mikael Granlund - Panthers : 3 - Capitals : 4.
12:59 of 2nd period - Jason Dickinson wins face-off versus Matthew Tkachuk in neutral zone.
13:34 of 2nd period - Shot by Jason Dickinson.
13:34 of 2nd period - Deflect By Wayne Simmonds.
13:34 of 2nd period - Shot Misses the Net.
13:47 of 2nd period - Minor Penalty to Bobby Ryan for Hooking.
13:48 of 2nd period - Reilly Smith wins face-off versus Matthew Tkachuk in Capitals zone.
13:48 of 2nd period - Reilly Smith is hit by Jonathan Huberdeau.
14:10 of 2nd period - Shot by Aleksander Barkov.
14:10 of 2nd period - Stopped by Pekka Rinne without a rebound.
14:11 of 2nd period - Dylan Larkin wins face-off versus Reilly Smith in Capitals zone.
14:16 of 2nd period - Shot by Alex Ovechkin.
14:16 of 2nd period - Stopped by Pekka Rinne without a rebound.
14:17 of 2nd period - Nikita Kucherov wins face-off versus Reilly Smith in Capitals zone.
14:39 of 2nd period - Icing by Dylan Larkin.
14:40 of 2nd period - Dylan Larkin wins face-off versus Reilly Smith in Panthers zone.
14:56 of 2nd period - Shot by Colton Parayko.
14:56 of 2nd period - Deflect By Dylan Larkin.
14:56 of 2nd period - Stopped by Pekka Rinne with a rebound.
15:12 of 2nd period - Icing by Jeff Petry.
15:13 of 2nd period - Aleksander Barkov wins face-off versus Chandler Stephenson in Panthers zone.
15:13 of 2nd period - Aleksander Barkov is hit by Chandler Stephenson.
15:47 of 2nd period - Shot by Aleksander Barkov.
15:47 of 2nd period - Stopped by Pekka Rinne without a rebound.
15:48 of 2nd period - Jean-Gabriel Pageau wins face-off versus Vinnie Hinostroza in Capitals zone.
16:01 of 2nd period - Shot by Matt Calvert.
16:01 of 2nd period - Stopped by Pekka Rinne without a rebound.
16:02 of 2nd period - Derek Grant wins face-off versus Jason Dickinson in Capitals zone.
16:05 of 2nd period - Shot by Oskar Sundqvist.
16:05 of 2nd period - Stopped by Pekka Rinne without a rebound.
16:06 of 2nd period - Jonathan Huberdeau wins face-off versus Mikael Granlund in Capitals zone.
16:19 of 2nd period - Shot by Aleksander Barkov.
16:19 of 2nd period - Stopped by Pekka Rinne with a rebound.
16:25 of 2nd period - Jeff Petry is hit by Bobby Ryan and loses puck.
17:06 of 2nd period - Shot by Jason Dickinson.
17:06 of 2nd period - Stopped by Corey Crawford without a rebound.
17:07 of 2nd period - Dylan Larkin wins face-off versus Vinnie Hinostroza in Panthers zone.
17:38 of 2nd period - Josh Anderson is hit by Colton Parayko.
18:04 of 2nd period - Matthew Tkachuk is hit by Wayne Simmonds.
18:11 of 2nd period - Icing by Kris Russell.
18:12 of 2nd period - Jean-Gabriel Pageau wins face-off versus Jason Dickinson in Capitals zone.
18:34 of 2nd period - Minor Penalty to Wayne Simmonds for Roughing.
18:35 of 2nd period - Aleksander Barkov wins face-off versus Reilly Smith in Capitals zone.
19:09 of 2nd period - Shot by Jonathan Huberdeau.
19:09 of 2nd period - Shot Misses the Net.
19:23 of 2nd period - Alex Ovechkin is hit by Bobby Ryan and loses puck.
Goals for this period are 0 for Panthers vs 3 for Capitals.
Shots for this period are 16 for Panthers vs 11 for Capitals.

3rd period


0:01 of 3rd period - Dylan Larkin wins face-off versus Reilly Smith in neutral zone.
0:56 of 3rd period - Wayne Simmonds is hit by Jeff Petry and loses puck.
1:45 of 3rd period - Shot by Derek Grant.
1:45 of 3rd period - Stopped by Pekka Rinne without a rebound.
1:46 of 3rd period - Mikael Granlund wins face-off versus Aleksander Barkov in Capitals zone.
2:01 of 3rd period - Shot by Nikita Kucherov.
2:01 of 3rd period - Goal by Nikita Kucherov - Panthers : 4 - Capitals : 4.
2:02 of 3rd period - Dylan Larkin wins face-off versus Casey Mittelstadt in neutral zone.
2:06 of 3rd period - Minor Penalty to Matthew Tkachuk for Close Hand On Puck.
2:07 of 3rd period - Jean-Gabriel Pageau wins face-off versus Mikael Granlund in Panthers zone.
2:23 of 3rd period - Icing by Michael Del Zotto.
2:24 of 3rd period - Mikael Granlund wins face-off versus Jean-Gabriel Pageau in Capitals zone.
2:28 of 3rd period - Brandon Montour is hit by Jeff Petry and loses puck.
3:05 of 3rd period - Icing by Kris Russell.
3:06 of 3rd period - Derek Grant wins face-off versus Jason Dickinson in Capitals zone.
3:21 of 3rd period - Shot by Kris Russell.
3:21 of 3rd period - Shot Misses the Net.
3:23 of 3rd period - Shot by Jason Dickinson.
3:23 of 3rd period - Stopped by Corey Crawford without a rebound.
3:24 of 3rd period - Jason Dickinson wins face-off versus Derek Grant in Panthers zone.
4:12 of 3rd period - Minor Penalty to Brandon Montour for Holding.
4:13 of 3rd period - Aleksander Barkov wins face-off versus Reilly Smith in Capitals zone.
4:39 of 3rd period - Shot by Jonathan Huberdeau.
4:39 of 3rd period - Goal by Jonathan Huberdeau - Panthers : 5 - Capitals : 4.
4:40 of 3rd period - Jean-Gabriel Pageau wins face-off versus Kevin Labanc in neutral zone.
4:40 of 3rd period - Quinn Hughes is hit by Chandler Stephenson and loses puck.
4:49 of 3rd period - Shot by Jean-Gabriel Pageau.
4:49 of 3rd period - Stopped by Pekka Rinne without a rebound.
4:50 of 3rd period - Derek Grant wins face-off versus Vinnie Hinostroza in Capitals zone.
5:07 of 3rd period - Shot by Andrew Copp.
5:07 of 3rd period - Shot Misses the Net.
5:53 of 3rd period - Shot by Aleksander Barkov.
5:53 of 3rd period - Stopped by Pekka Rinne with a rebound.
5:57 of 3rd period - Shot by Aleksander Barkov.
5:57 of 3rd period - Goal by Aleksander Barkov - Panthers : 6 - Capitals : 4.
5:58 of 3rd period - Dylan Larkin wins face-off versus Mikael Granlund in neutral zone.
6:33 of 3rd period - Shot by Alex Ovechkin.
6:33 of 3rd period - Shot Blocked by Brandon Montour.
6:38 of 3rd period - Icing by Brandon Montour.
6:39 of 3rd period - Aleksander Barkov wins face-off versus Mikael Granlund in Capitals zone.
6:45 of 3rd period - Off-side.
6:46 of 3rd period - Aleksander Barkov wins face-off versus Jason Dickinson in neutral zone.
7:25 of 3rd period - Shot by Jonathan Huberdeau.
7:25 of 3rd period - Stopped by Pekka Rinne without a rebound.
7:26 of 3rd period - Dylan Larkin wins face-off versus Kevin Labanc in Capitals zone.
7:35 of 3rd period - Shot by Dylan Larkin.
7:35 of 3rd period - Stopped by Pekka Rinne without a rebound.
7:36 of 3rd period - Jean-Gabriel Pageau wins face-off versus Mikael Granlund in Capitals zone.
8:16 of 3rd period - Shot by Jean-Gabriel Pageau.
8:16 of 3rd period - Deflect By Pierre-Luc Dubois.
8:16 of 3rd period - Shot Misses the Net.
8:47 of 3rd period - David Kampf is hit by Jeff Petry and loses puck.
9:09 of 3rd period - Jason Dickinson is hit by Jeff Petry and loses puck.
9:30 of 3rd period - Chandler Stephenson is hit by Jeff Petry and loses puck.
9:38 of 3rd period - Icing by Quinn Hughes.
9:39 of 3rd period - Vinnie Hinostroza wins face-off versus Aleksander Barkov in Panthers zone.
9:56 of 3rd period - Shot by Filip Zadina.
9:56 of 3rd period - Shot Misses the Net.
9:58 of 3rd period - Shot by Kris Russell.
9:58 of 3rd period - Shot Misses the Net.
10:11 of 3rd period - Filip Zadina is hit by Jeff Petry.
10:41 of 3rd period - Shot by Alex Ovechkin.
10:41 of 3rd period - Stopped by Pekka Rinne without a rebound.
10:42 of 3rd period - Jean-Gabriel Pageau wins face-off versus Jason Dickinson in Capitals zone.
10:48 of 3rd period - Shot by Pierre-Luc Dubois.
10:48 of 3rd period - Shot Misses the Net.
10:52 of 3rd period - Shot by Matt Calvert.
10:52 of 3rd period - Shot Blocked by Michael Del Zotto.
10:54 of 3rd period - Shot by Zdeno Chara.
10:54 of 3rd period - Shot Misses the Net.
10:56 of 3rd period - Shot by Jean-Gabriel Pageau.
10:56 of 3rd period - Stopped by Pekka Rinne with a rebound.
11:18 of 3rd period - Minor Penalty to Michael Del Zotto for Hooking.
11:19 of 3rd period - Dylan Larkin wins face-off versus Reilly Smith in Capitals zone.
11:27 of 3rd period - Icing by Colton Parayko.
11:28 of 3rd period - Alex Ovechkin wins face-off versus Reilly Smith in Panthers zone.
11:45 of 3rd period - Dylan Larkin is hit by Reilly Smith and loses puck.
12:27 of 3rd period - Kris Russell is hit by Alex Ovechkin and loses puck.
12:42 of 3rd period - Shot by Quinn Hughes.
12:42 of 3rd period - Shot Blocked by Jonas Siegenthaler.
12:44 of 3rd period - Shot by Matthew Tkachuk.
12:44 of 3rd period - Stopped by Pekka Rinne without a rebound.
12:45 of 3rd period - Bobby Ryan wins face-off versus Aleksander Barkov in Capitals zone.
12:54 of 3rd period - Shot by Quinn Hughes.
12:54 of 3rd period - Shot Blocked by Jason Dickinson.
12:56 of 3rd period - Shot by Quinn Hughes.
12:56 of 3rd period - Stopped by Pekka Rinne with a rebound.
13:05 of 3rd period - Icing by Matthew Tkachuk.
13:06 of 3rd period - Aleksander Barkov wins face-off versus Reilly Smith in Panthers zone.
13:27 of 3rd period - Shot by Andrew Copp.
13:27 of 3rd period - Stopped by Pekka Rinne without a rebound.
13:28 of 3rd period - Jason Dickinson wins face-off versus Derek Grant in Capitals zone.
13:28 of 3rd period - Jason Dickinson is hit by Derek Grant.
14:49 of 3rd period - Shot by Bobby Ryan.
14:49 of 3rd period - Shot Misses the Net.
15:51 of 3rd period - Shot by Chandler Stephenson.
15:51 of 3rd period - Deflect By Casey Mittelstadt.
15:51 of 3rd period - Stopped by Corey Crawford with a rebound.
16:08 of 3rd period - Icing by Alex Ovechkin.
16:09 of 3rd period - Dylan Larkin wins face-off versus Vinnie Hinostroza in Panthers zone.
16:11 of 3rd period - Icing by Alex Ovechkin.
16:12 of 3rd period - Dylan Larkin wins face-off versus Vinnie Hinostroza in Panthers zone.
16:36 of 3rd period - Shot by Aleksander Barkov.
16:36 of 3rd period - Stopped by Pekka Rinne without a rebound.
16:37 of 3rd period - Mikael Granlund wins face-off versus Jean-Gabriel Pageau in Capitals zone.
16:42 of 3rd period - Shot by Jean-Gabriel Pageau.
16:42 of 3rd period - Stopped by Pekka Rinne with a rebound.
16:44 of 3rd period - Shot by Charlie McAvoy.
16:44 of 3rd period - Stopped by Pekka Rinne without a rebound.
16:45 of 3rd period - Mikael Granlund wins face-off versus Nikita Kucherov in Capitals zone.
16:50 of 3rd period - Jonas Siegenthaler is hit by Nikita Kucherov.
17:10 of 3rd period - Shot by Aleksander Barkov.
17:10 of 3rd period - Deflect By Jonathan Huberdeau.
17:10 of 3rd period - Stopped by Pekka Rinne without a rebound.
17:11 of 3rd period - Jason Dickinson wins face-off versus Jean-Gabriel Pageau in Capitals zone.
17:27 of 3rd period - David Kampf is hit by Charlie McAvoy and loses puck.
17:51 of 3rd period - Shot by Jean-Gabriel Pageau.
17:51 of 3rd period - Stopped by Pekka Rinne with a rebound.
18:33 of 3rd period - Shot by Jonathan Huberdeau.
18:33 of 3rd period - Deflect By Aleksander Barkov.
18:33 of 3rd period - Stopped by Pekka Rinne without a rebound.
18:34 of 3rd period - Derek Grant wins face-off versus Casey Mittelstadt in Capitals zone.
18:43 of 3rd period - Shot by Casey Mittelstadt.
18:43 of 3rd period - Shot Misses the Net.
18:46 of 3rd period - Chandler Stephenson is hit by Colton Parayko and loses puck.
19:03 of 3rd period - Shot by Casey Mittelstadt.
19:03 of 3rd period - Deflect By Kevin Labanc.
19:03 of 3rd period - Shot Misses the Net.
19:36 of 3rd period - Icing by Josh Anderson.
19:37 of 3rd period - Vinnie Hinostroza wins face-off versus Matthew Tkachuk in Capitals zone.
19:41 of 3rd period - Off-side.
19:42 of 3rd period - Dylan Larkin wins face-off versus Mikael Granlund in neutral zone.
19:57 of 3rd period - Shot by Mikael Granlund.
19:57 of 3rd period - Shot Misses the Net.
Goals for this period are 3 for Panthers vs 0 for Capitals.
Shots for this period are 19 for Panthers vs 2 for Capitals.